Map: Orbital Shipyard

Players

ILLBdA - Winner!

  • Race: Protoss Protoss
  • League: Diamond

CHANI

  • Race: Protoss Protoss
  • League: Platinum

VOD

Have the link to the VOD?

Description

Time

  • Played on: Dec. 17, 2015, 8:21 a.m.
  • Length: 4:04
Show
View Real Time Build Order
Export as new Build Order

ILLBdA Protoss - Winner!

Build Orders:  

Get SALT Encoding   

  12  0:01  Probe (Chrono Boost)  
  13  0:11  Probe (Chrono Boost)  
  14  0:21  Pylon  
  14  0:25  Probe (Chrono Boost)  
  15  0:39  Probe (Chrono Boost)  
  15  0:41  Pylon  
  16  1:00  Gateway  
  16  1:02  Gateway  
  16  1:07  Gateway  
  16  1:17  Probe (Chrono Boost), Assimilator  
  17  1:27  Probe (Chrono Boost)  
  18  1:52  Zealot (Chrono Boost)  
  18  1:53  Zealot (Chrono Boost)  
  22  1:54  Cybernetics Core, Zealot (Chrono Boost)  
  24  2:20  Zealot (Chrono Boost)  
  24  2:22  Pylon  
  26  2:31  Stalker (Chrono Boost)  
  26  2:35  Stalker (Chrono Boost)  
  32  2:48  Stalker (Chrono Boost)  
  32  2:57  Stalker (Chrono Boost)  
  34  3:13  Pylon  
  30  3:24  Stalker (Chrono Boost)  
  32  3:27  Pylon x2  
Show
View Real Time Build Order
Export as new Build Order

CHANI Protoss 

Build Orders:  

Get SALT Encoding   

  12  0:01  Probe (Chrono Boost)  
  13  0:11  Probe (Chrono Boost)  
  14  0:19  Pylon  
  14  0:22  Probe (Chrono Boost)  
  15  0:37  Probe (Chrono Boost)  
  15  0:40  Gateway  
  16  0:48  Probe (Chrono Boost)  
  16  0:49  Assimilator  
  17  0:57  Assimilator  
  17  0:58  Probe (Chrono Boost)  
  17  1:02  Pylon  
  18  1:09  Probe (Chrono Boost)  
  19  1:19  Probe (Chrono Boost)  
  20  1:28  Zealot (Chrono Boost)  
  20  1:32  Cybernetics Core  
  22  1:42  Probe (Chrono Boost)  
  23  1:55  Gateway  
  25  2:09  Mothership Core  
  25  2:13  Stalker (Chrono Boost)  
  27  2:17  Pylon  
  27  2:26  Gateway  
  26  2:41  Adept (Chrono Boost)  
  28  2:58  Adept (Chrono Boost)  
  30  3:07  Stalker (Chrono Boost)  
  32  3:21  Stalker (Chrono Boost)  
  29  3:38  Zealot (Chrono Boost)  
Tags
 
Matchup
PvP
Replay Pack
me
Add a new tag
Caveats
  • Supply blocks, unpowered buildings, or Contaminate may cause inaccurate times.
  • Supply counts are checked every 10 seconds.